AoeStats
← Stanko2026

Scandinavia

510499699Analyzed
1v1 RM · 21h ago on Oct 1, 2026· 49m 34s· 2 players
Game mode
Random Map
Map size
Tiny (2 player)
Population
200
Speed
Normal
Resources
Standard
Victory
Conquest
Starting age
Dark Age
Ending age
Imperial Age
RankedLock teamsTeams togetherTeam positionsShared explorationLock speedFull tech treeHidden civsTurbo modeCheats
Victory
Defeat
🇳🇱 Italians · Netherlands
778
+15
🇩🇪 Ethiopians · Germany
764
-15
Stanko2026
0:26 Loom
12:16 Feudal Age
13:16 Double-Bit Axe
13:13 Horse Collar
14:58 Scale Mail Armor
15:03 Scale Barding Armor
18:19 Castle Age
16:46 Scale Barding Armor
17:53 Gold Mining
17:56 Stone Mining
18:58 Scale Mail Armor
18:51 Fletching
19:43 Bow Saw
19:43 Heavy Plow
19:55 Gold Mining
26:32 Crossbowman
27:18 Thumb Ring
35:14 Stone Shaft Mining
35:14 Gold Shaft Mining
35:15 Bodkin Arrow
35:20 Padded Archer Armor
36:10 Ballistics
35:45 Murder Holes
36:02 Fortified Wall
35:45 Guard Tower
38:53 Leather Archer Armor
46:00 Imperial Age
46:17 Chain Mail Armor
46:13 Forging
47:32 Plate Mail Armor
50:22 Conscription
KingShimmy8063
7:40 Loom
11:24 Feudal Age
16:58 Castle Age
14:57 Fletching
15:58 Double-Bit Axe
19:09 Bodkin Arrow
20:44 Padded Archer Armor
25:30 Leather Archer Armor
28:07 Thumb Ring
28:27 Bow Saw
29:11 Wheelbarrow
29:06 Horse Collar
30:32 Murder Holes
31:38 Ballistics
32:21 Heavy Plow
36:14 Imperial Age
36:51 Hand Cart
37:42 Ring Archer Armor
37:13 Bracer
37:41 Gold Mining
37:42 Stone Mining
40:21 Elite Genoese Crossbowman
46:58 Town Watch
48:17 Chemistry
47:42 Town Patrol
Connection lost

Rejoining the realm…

Still unreachable

The connection could not be restored.

Session expired

The server has moved on; the page needs a fresh start.